[Event "Titled Tuesday Blitz January 10 Early 2023"]
[White "Shtompel, Yuriy"]
[Black "Mayank Chakraborty"]
[WhiteFideId "14168278"]
[BlackFideId "25659766"]
[WhiteElo "1938"]
[BlackElo "2025"]
[Result "1-0"]
[Round "02"]
[TimeControl "180+2"]
[Date "2023.01.10"]
[WhiteClock "0:01:15"]
[BlackClock "0:00:08"]

1. e4 c5 2. Nf3 d6 3. d4 cxd4 4. Nxd4 Nf6 5. Nc3 a6 6. Be2 e5 7. Nb3 Be7 8. Be3 O-O 9. Nd5 Nxd5 10. exd5 Bf5 11. c4 Nd7 12. O-O Bg6 13. a4 f5 14. f4 Bf6 15. Qd2 Qc7 16. a5 Rae8 17. Rac1 exf4 18. Bxf4 Nc5 19. Nxc5 Qxc5+ 20. Kh1 Qd4 21. Qxd4 Bxd4 22. Bxd6 Rxe2 23. Bxf8 Kxf8 24. c5 Ke7 25. c6 bxc6 26. dxc6 Kd8 27. Rfd1 Be8 28. Rxd4+ Kc7 29. Rdc4 Rxb2 30. h3 Re2 31. Kh2 Re6 32. Rc5 g6 33. Rb1 Rxc6 34. Rxc6+ Bxc6 35. Rb6 Bb5 36. Kg3 Bf1 37. h4 Be2 38. Kf4 Bf1 39. g3 Be2 40. Kg5 Bd3 41. Kh6 Be2 42. Kxh7 Bg4 43. Kxg6 Bf3 44. Kxf5 Bg2 45. Kf4 Bf1 46. g4 Bd3 47. g5 Bb1 48. h5 Bh7 49. g6 Bg8 50. h6 Be6 51. h7 Bg4 52. h8=Q Be2 53. Qg7+ 1-0


[Site "https://www.chess.com"]

[Event "Titled Tuesday Blitz January 10 Early 2023"]
[White "Vasques, Antonio Pedro Freixial"]
[Black "Mkrtchian, Lilit"]
[WhiteFideId "1908332"]
[BlackFideId "13300601"]
[WhiteElo "2214"]
[BlackElo "2389"]
[Result "0-1"]
[Round "02"]
[TimeControl "180+2"]
[Date "2023.01.10"]
[WhiteClock "0:01:39"]
[BlackClock "0:00:04"]

1. e4 e6 2. d4 d5 3. Nc3 Nf6 4. Bg5 dxe4 5. Nxe4 Be7 6. Bxf6 gxf6 7. Nf3 f5 8. Nc3 a6 9. Bd3 b5 10. Qe2 Bb7 11. O-O-O b4 12. Na4 Nd7 13. Ne5 Nxe5 14. Qxe5 Bf6 15. Qa5 Qd5 16. Nc5 O-O 17. Qxc7 Qxa2 18. Qg3+ Kh8 19. Nxb7 Qa1+ 20. Kd2 Qxb2 21. Nd6 Qxd4 22. Nc4 Rg8 23. Qe3 Bg5 24. g3 Bxe3+ 25. fxe3 Qc3+ 26. Ke2 Rac8 27. Rb1 Rxc4 28. Bxc4 Qxc2+ 29. Kf3 Qe4+ 30. Kf2 Qxc4 31. Rhc1 Qe4 32. Rb3 a5 33. Ra1 a4 34. Rxa4 Qc2+ 35. Kf3 Qxb3 36. Ra7 Qd5+ 37. Kf2 b3 38. Re7 Qd2+ 39. Kf3 b2 40. Rxf7 b1=Q 41. Kf4 Qf1+ 42. Ke5 Qxe3+ 43. Kf6 Qa1+ 44. Ke7 Qaa7+ 45. Kf6 Qxf7+ 46. Kxf7 e5 47. h3 f4 48. h4 f3 49. h5 f2 50. h6 f1=Q+ 51. Ke6 Qb6+ 52. Kd5 Qe2 53. g4 Qd3+ 54. Kxe5 Qbd6# 0-1


[Site "https://www.chess.com"]

[Event "Titled Tuesday Blitz January 10 Early 2023"]
[White "Parpiev, Isaak"]
[Black "Fathy, Elameir"]
[WhiteFideId "34281576"]
[BlackFideId "10600396"]
[WhiteElo "2167"]
[BlackElo "2300"]
[Result "1-0"]
[Round "02"]
[TimeControl "180+2"]
[Date "2023.01.10"]
[WhiteClock "0:00:12"]
[BlackClock "0:00:02"]

1. Nf3 d5 2. g3 Nf6 3. Bg2 Bg4 4. O-O e6 5. Ne5 Bf5 6. c4 c6 7. d3 Nbd7 8. Nxd7 Qxd7 9. Nd2 Bd6 10. b3 O-O 11. Bb2 Be7 12. e4 dxe4 13. dxe4 Bg6 14. Qe2 Rfd8 15. Rad1 Qc7 16. h3 e5 17. Rfe1 Bc5 18. Nf1 Nd7 19. Ne3 a5 20. a3 Nf8 21. h4 h6 22. h5 Bh7 23. Nf5 Ne6 24. Qg4 Kh8 25. Qh4 f6 26. Qg4 Bxf5 27. Qxf5 Nd4 28. Bxd4 Rxd4 29. Rxd4 Bxd4 30. Qf3 a4 31. b4 Rd8 32. Bh3 Kg8 33. Rd1 b5 34. c5 Qe7 35. Kg2 Bb2 36. Rxd8+ Qxd8 37. Be6+ Kf8 38. Ba2 Qd4 39. Qf5 Bxa3 40. Qc8+ Ke7 41. Qe6+ Kd8 42. Qxc6 Bxb4 43. Bd5 Bxc5 44. Qxb5 Qxf2+ 45. Kh3 Qf1+ 46. Qxf1 1-0


[Site "https://www.chess.com"]

[Event "Titled Tuesday Blitz January 10 Early 2023"]
[White "Wilson, Elvin"]
[Black "Kozin, Yuri"]
[WhiteFideId "2014874"]
[BlackFideId "4129920"]
[WhiteElo "2183"]
[BlackElo "2251"]
[Result "0-1"]
[Round "02"]
[TimeControl "180+2"]
[Date "2023.01.10"]
[WhiteClock "0:00:09"]
[BlackClock "0:01:25"]

1. c4 c5 2. g3 Nf6 3. Bg2 e6 4. Nf3 Be7 5. O-O O-O 6. Nc3 a6 7. d4 cxd4 8. Nxd4 d6 9. b3 Qc7 10. Bb2 Nbd7 11. Rc1 Ne5 12. h3 Bd7 13. f4 Ng6 14. e4 Rac8 15. Kh2 h5 16. f5 Ne5 17. Rf4 Qb8 18. fxe6 fxe6 19. Qd2 b5 20. cxb5 axb5 21. Rcf1 Ng6 22. R4f3 h4 23. Qg5 Ne5 24. Rf4 Nfg4+ 25. Rxg4 Bxg5 26. Rxg5 Rxf1 27. Bxf1 Rf8 28. Bg2 Rf2 29. Bc1 b4 30. Be3 Rb2 31. Nd1 Rxa2 32. gxh4 d5 33. Bf4 Nf3+ 34. Kg3 e5 35. Bxf3 exf4# 0-1


[Site "https://www.chess.com"]

[Event "Titled Tuesday Blitz January 10 Early 2023"]
[White "Martynov, Pavel"]
[Black "Hoffmann, Asa"]
[WhiteFideId "4101260"]
[BlackFideId "2001470"]
[WhiteElo "2414"]
[BlackElo "2185"]
[Result "1-0"]
[Round "02"]
[TimeControl "180+2"]
[Date "2023.01.10"]
[WhiteClock "0:00:13"]
[BlackClock "0:00:16"]

1. e4 d6 2. d4 Nf6 3. Nc3 c6 4. g3 Nbd7 5. Bg2 e5 6. Nge2 Be7 7. O-O b5 8. a3 a6 9. h3 Bb7 10. g4 c5 11. dxe5 dxe5 12. Ng3 Nb6 13. Qe2 g6 14. Bh6 Qc7 15. Rad1 Rd8 16. f4 Bd6 17. Bg7 Ke7 18. Bxf6+ Kxf6 19. fxe5+ Kxe5 20. Qf3 Ke6 21. Qf6+ Kd7 22. e5 Bxg2 23. Rxd6+ Kc8 24. Kxg2 Rxd6 25. exd6 Qc6+ 26. Kh2 Rd8 27. Nce4 Nc4 28. Rd1 Ne3 29. Rd3 Nc4 30. b3 Nxa3 31. Qxf7 Nxc2 32. Rc3 Rd7 33. Qg8+ Kb7 34. Rxc5 Rxd6 35. Rxc6 Rxc6 36. Qd5 Nb4 37. Qd7+ Rc7 38. Qd4 Nc6 39. Qc5 Rd7 40. Nd6+ Kc7 41. Nge4 Re7 42. Qd5 Re5 43. Qf7+ Kb6 44. Qb7+ Ka5 45. Qxc6 1-0


[Site "https://www.chess.com"]

[Event "Titled Tuesday Blitz January 10 Early 2023"]
[White "Luukkonen, Tommi"]
[Black "Pak, Yevgeniy"]
[WhiteFideId "501808"]
[BlackFideId "14201712"]
[WhiteElo "2292"]
[BlackElo "2384"]
[Result "1-0"]
[Round "02"]
[TimeControl "180+2"]
[Date "2023.01.10"]
[WhiteClock "0:02:06"]
[BlackClock "0:00:01"]

1. e4 g6 2. d4 Bg7 3. Nc3 d6 4. h3 Nd7 5. g4 e5 6. Nge2 Ngf6 7. Bg2 O-O 8. O-O c6 9. a4 Re8 10. Be3 Nf8 11. a5 Qc7 12. f4 exf4 13. Bxf4 Ne6 14. Bg3 Qd7 15. a6 h6 16. e5 dxe5 17. Bxe5 Nh7 18. axb7 Bxb7 19. Ne4 Nc7 20. Nd6 Bxe5 21. dxe5 Rxe5 22. Nxb7 1-0


[Site "https://www.chess.com"]

[Event "Titled Tuesday Blitz January 10 Early 2023"]
[White "Yaniuk, Volodymyr"]
[Black "Bychkov, Vladimir"]
[WhiteFideId "14133083"]
[BlackFideId "24151513"]
[WhiteElo "2223"]
[BlackElo "2225"]
[Result "0-1"]
[Round "02"]
[TimeControl "180+2"]
[Date "2023.01.10"]
[WhiteClock "0:01:20"]
[BlackClock "0:01:51"]

1. d4 Nf6 2. c4 g6 3. Nc3 Bg7 4. e4 d6 5. Nf3 O-O 6. h3 e5 7. d5 a5 8. Be3 Na6 9. g4 Nc5 10. Nd2 c6 11. Be2 cxd5 12. cxd5 Bd7 13. g5 Ne8 14. h4 f5 15. gxf6 Nxf6 16. a3 b5 17. b4 axb4 18. axb4 Na4 19. Nxb5 Bxb5 20. Bxb5 Nc3 21. Rxa8 Qxa8 22. Bc6 Nxd1 23. Bxa8 Nxe3 24. Bc6 Nc2+ 25. Ke2 Nd4+ 26. Kd3 Ng4 27. Ra1 Bh6 28. f3 Nf2+ 29. Kc3 Bxd2+ 30. Kxd2 Rxf3 31. Ra8+ Kg7 32. b5 Nxe4+ 33. Kc1 Nc3 34. b6 Rf2 35. Ba4 Nxa4 36. Rxa4 Rc2+ 37. Kd1 Rb2 38. Ra7+ Kh6 39. Rb7 e4 40. Re7 Rxb6 41. Rxe4 Nf5 42. Ke1 Rb5 43. Kf2 Rxd5 44. Kf3 Rd3+ 45. Kf4 Rd4 0-1


[Site "https://www.chess.com"]

[Event "Titled Tuesday Blitz January 10 Early 2023"]
[White "Matveeva, Olga"]
[Black "Ezat, Mohamed"]
[WhiteFideId "24107018"]
[BlackFideId "10600906"]
[WhiteElo "2128"]
[BlackElo "2402"]
[Result "1-0"]
[Round "02"]
[TimeControl "180+2"]
[Date "2023.01.10"]
[WhiteClock "0:00:07"]
[BlackClock "0:00:01"]

1. d4 Nf6 2. c4 e6 3. g3 d5 4. Nf3 c5 5. cxd5 exd5 6. Bg2 Nc6 7. O-O Be7 8. dxc5 O-O 9. Nc3 h6 10. b3 Bxc5 11. Bb2 a6 12. Rc1 Ba7 13. Na4 Re8 14. e3 Bg4 15. h3 Bh5 16. Nc5 Qe7 17. Nxb7 Qxb7 18. Bxf6 gxf6 19. Qxd5 Bg6 20. Qxc6 Qe7 21. Nh4 Rac8 22. Qf3 Bd3 23. Rfd1 Rxc1 24. Rxc1 Qa3 25. Rc7 Bb6 26. Qc6 Bxc7 27. Qxe8+ Kg7 28. Qd7 Qd6 29. Qa4 Kf8 30. Qg4 Bb5 31. Kh2 Bd7 32. Qh5 Kg7 33. Nf5+ Bxf5 34. Qxf5 Qd2 35. a4 Be5 36. Be4 Kf8 37. Kg2 Qe1 38. Qc8+ Kg7 39. Qxa6 h5 40. Qc8 Qd1 41. Qf5 Kf8 42. a5 Qxb3 43. a6 Qb6 44. Qc8+ Kg7 45. Bb7 Qa5 46. Qf5 1-0


[Site "https://www.chess.com"]

[Event "Titled Tuesday Blitz January 10 Early 2023"]
[White "Bazarov, Konstantin"]
[Black "Bove, Alessandro"]
[WhiteFideId "4137000"]
[BlackFideId "814121"]
[WhiteElo "2235"]
[BlackElo "2311"]
[Result "1-0"]
[Round "02"]
[TimeControl "180+2"]
[Date "2023.01.10"]
[WhiteClock "0:00:09"]
[BlackClock "0:00:11"]

1. c4 Nf6 2. Nc3 g6 3. e4 d6 4. d4 Bg7 5. Nge2 O-O 6. Ng3 e5 7. d5 Nbd7 8. h4 h5 9. Bg5 Kh7 10. Be2 Qe8 11. Nb5 Qd8 12. Bxh5 gxh5 13. Nxh5 a6 14. Nc3 Qe8 15. Nxg7 Kxg7 16. Qf3 Rh8 17. h5 Nh7 18. Be3 f6 19. O-O-O Kf7 20. g4 Rg8 21. Rdg1 Ng5 22. Qe2 Nf8 23. f4 exf4 24. Bxf4 Nfh7 25. Rf1 Bd7 26. Rhg1 b5 27. Qe3 b4 28. Bxg5 Nxg5 29. Ne2 Qxe4 30. Qf2 Qe5 31. Nf4 Rae8 32. Re1 Ne4 33. Qf3 Qd4 34. Re2 Qxc4+ 35. Kb1 Re5 36. Rc2 Qd4 37. Rd1 Qb6 38. Ng6 Rb8 39. Nxe5+ dxe5 40. Qxe4 a5 41. Qg6+ Ke7 42. d6+ cxd6 43. Rf1 d5 44. Rcf2 Rf8 45. g5 Qe6 46. Rxf6 Rxf6 47. gxf6+ Kd6 48. f7 Qxg6+ 49. hxg6 1-0


[Site "https://www.chess.com"]

[Event "Titled Tuesday Blitz January 10 Early 2023"]
[White "Guimaraes, Wagner Peixoto"]
[Black "Pham, Khoi"]
[WhiteFideId "2100940"]
[BlackFideId "1054988"]
[WhiteElo "2194"]
[BlackElo "2355"]
[Result "0-1"]
[Round "02"]
[TimeControl "180+2"]
[Date "2023.01.10"]
[WhiteClock "0:00:10"]
[BlackClock "0:01:10"]

1. e4 c5 2. Nf3 e6 3. d4 cxd4 4. Nxd4 Nf6 5. Nc3 Nc6 6. Nxc6 bxc6 7. Bd3 d5 8. O-O Be7 9. Qe2 O-O 10. Kh1 a5 11. f4 Qb6 12. e5 Nd7 13. Rf3 g6 14. f5 exf5 15. Bh6 Re8 16. e6 Nc5 17. Rxf5 Bxe6 18. Rff1 Nxd3 19. cxd3 Bf8 20. Bxf8 Rxf8 21. Rae1 Rab8 22. b3 Qd4 23. Na4 Bf5 24. Rxf5 gxf5 25. Rf1 Rbe8 26. Qh5 Re6 27. Qxf5 Rg6 28. h3 Rg7 29. Rf4 Qa1+ 30. Kh2 Re8 31. Nc5 Qe5 32. Qxe5 Rxe5 33. Nd7 Re2 34. Nf6+ Kf8 35. Ng4 h5 36. Nf2 Rxa2 37. d4 Ke7 38. Kg1 Rg6 39. Rf3 Re6 40. Nd3 Ree2 41. Nf4 Red2 42. Kh2 Rxd4 43. Nxh5 Rdd2 44. Nf4 a4 45. bxa4 Rxa4 46. h4 c5 47. h5 d4 48. h6 Ra8 0-1


[Site "https://www.chess.com"]

[Event "Titled Tuesday Blitz January 10 Early 2023"]
[White "Danielyan, Vahe"]
[Black "Petrova, Irina"]
[WhiteFideId "13304828"]
[BlackFideId "14124122"]
[WhiteElo "2346"]
[BlackElo "2108"]
[Result "1-0"]
[Round "02"]
[TimeControl "180+2"]
[Date "2023.01.10"]
[WhiteClock "0:00:46"]
[BlackClock "0:00:37"]

1. Nf3 d6 2. d4 g6 3. e4 Bg7 4. Nc3 Nf6 5. h3 O-O 6. Be3 a6 7. Be2 b5 8. a3 Bb7 9. d5 c6 10. O-O cxd5 11. exd5 Nbd7 12. Qd2 Nb6 13. Bxb6 Qxb6 14. Rad1 Rac8 15. Rfe1 Rfe8 16. Bf1 b4 17. Na4 Qa5 18. Qxb4 Qxb4 19. axb4 Rxc2 20. b5 axb5 21. Bxb5 Rb8 22. Nd4 Rc7 23. Nc6 Bxc6 24. Bxc6 Kf8 25. Re3 Nd7 26. Rb1 Nb6 27. Rb3 Nd7 28. Rxb8+ Nxb8 29. b4 Nxc6 30. Rc1 Ra7 31. dxc6 Rxa4 32. c7 Bb2 33. c8=Q+ Kg7 34. Rb1 Bd4 35. Qc2 Ra7 36. b5 e5 37. b6 Rb7 38. Qc6 1-0


[Site "https://www.chess.com"]

[Event "Titled Tuesday Blitz January 10 Early 2023"]
[White "Perez Rodriguez, Jennifer"]
[Black "Florescu, Codrut-Constantin"]
[WhiteFideId "3507831"]
[BlackFideId "1202200"]
[WhiteElo "2242"]
[BlackElo "2259"]
[Result "0-1"]
[Round "02"]
[TimeControl "180+2"]
[Date "2023.01.10"]
[WhiteClock "0:00:09"]
[BlackClock "0:00:42"]

1. e4 c5 2. c3 Nf6 3. e5 Nd5 4. Nf3 e6 5. d4 cxd4 6. cxd4 d6 7. Bc4 Nc6 8. O-O Be7 9. Qe2 O-O 10. Bb3 b6 11. Qe4 Bb7 12. Nc3 Nxc3 13. bxc3 Na5 14. Qg4 Bxf3 15. gxf3 Nxb3 16. Bh6 g6 17. Bxf8 Nxa1 18. Bxe7 Qxe7 19. Rxa1 dxe5 20. dxe5 Rd8 21. Re1 Rd2 22. f4 Qc5 23. Qf3 Rxa2 24. Rd1 Qe7 25. Qa8+ Kg7 26. Rd8 Kh6 27. Rd3 Kg7 28. Rd8 Qh4 29. Qf3 h5 30. Rd7 Ra4 31. Qb7 Ra1+ 0-1


[Site "https://www.chess.com"]

[Event "Titled Tuesday Blitz January 10 Early 2023"]
[White "Tania, Sachdev"]
[Black "Kamalidenova, Meruert"]
[WhiteFideId "5007844"]
[BlackFideId "13712802"]
[WhiteElo "2389"]
[BlackElo "2350"]
[Result "1-0"]
[Round "02"]
[TimeControl "180+2"]
[Date "2023.01.10"]
[WhiteClock "0:00:10"]
[BlackClock "0:00:02"]

1. d4 Nf6 2. c4 e6 3. Nf3 b6 4. a3 Bb7 5. Nc3 d5 6. cxd5 Nxd5 7. Qc2 c5 8. e4 Nxc3 9. bxc3 Nc6 10. Bb2 Be7 11. Bd3 O-O 12. O-O Rc8 13. Qe2 Bf6 14. e5 Be7 15. Rad1 cxd4 16. cxd4 Na5 17. Nd2 Re8 18. Ne4 Bxe4 19. Qxe4 g6 20. Ba6 Rc7 21. d5 Qa8 22. Qf4 exd5 23. e6 Bd8 24. Be5 g5 25. Qg3 Rc5 26. exf7+ Kxf7 27. Rfe1 Nc4 28. Bd4 Bf6 29. Bxc5 bxc5 30. Bxc4 dxc4 31. Qc7+ Kg6 32. Qxc5 Qd8 33. g3 Rxe1+ 34. Rxe1 c3 35. Qc4 Qd2 36. Re2 Qd1+ 37. Kg2 Qa1 38. a4 Qa3 39. Qg8+ Kh6 40. h4 gxh4 41. Qe6 Qf8 42. Re4 hxg3 43. fxg3 Kg7 44. Rg4+ Kh8 45. Rf4 Qa8+ 46. Kh3 Bg7 47. Qf5 Qe8 48. Rc4 Qe1 49. Rc8+ 1-0


[Site "https://www.chess.com"]

[Event "Titled Tuesday Blitz January 10 Early 2023"]
[White "Prudnykova, Olga"]
[Black "Orzech, Dominik"]
[WhiteFideId "14121093"]
[BlackFideId "1115065"]
[WhiteElo "2268"]
[BlackElo "2308"]
[Result "1/2-1/2"]
[Round "02"]
[TimeControl "180+2"]
[Date "2023.01.10"]
[WhiteClock "0:00:17"]
[BlackClock "0:01:16"]

1. e4 c6 2. d4 d5 3. exd5 cxd5 4. c4 Nf6 5. Nc3 g6 6. cxd5 Nxd5 7. Qb3 Nb6 8. Bb5+ Bd7 9. Nf3 Bg7 10. Bxd7+ Qxd7 11. O-O Nc6 12. d5 Na5 13. Qb4 Nac4 14. Re1 Nd6 15. Bg5 Nbc8 16. Ne5 Bxe5 17. Rxe5 O-O 18. Bh6 Re8 19. Rae1 Nf5 20. Bf4 Ncd6 21. Na4 b6 22. Nc3 Rac8 23. Bg3 h5 24. h3 Nxg3 25. fxg3 Nf5 26. g4 Ng3 27. Qf4 h4 28. Qh6 Qd6 29. Qxh4 Qc5+ 30. Kh2 f6 31. R5e3 Nf1+ 32. Rxf1 Qxe3 33. Re1 Qf4+ 34. Kg1 Kg7 35. Rf1 Qe3+ 36. Kh2 Rh8 37. Qe1 Qxe1 38. Rxe1 Kf7 39. Nb5 Rc5 40. Nc3 Rhc8 41. Re3 b5 42. a3 a5 43. Rd3 b4 44. axb4 axb4 45. Ne4 Rc4 46. Nd2 Rc2 47. b3 R8c3 48. Rd4 Rb2 49. d6 exd6 50. Ne4 Rcc2 51. Nxd6+ Ke7 52. Nc4 Rxg2+ 53. Kh1 Rh2+ 54. Kg1 Rbg2+ 55. Kf1 Ra2 56. Re4+ Kf7 57. Kg1 Rxh3 58. Nd6+ Kg8 59. Re8+ Kh7 60. Re7+ Kg8 61. Re8+ Kg7 62. Re7+ Kf8 63. Re8+ Kg7 64. Re7+ Kh8 65. Re8+ Kh7 66. Re7+ Kh6 67. Nf7+ Kg7 68. Nd6+ 1/2-1/2


[Site "https://www.chess.com"]

[Event "Titled Tuesday Blitz January 10 Early 2023"]
[White "Droin, Augustin"]
[Black "Bas Mas, Jose Joaquin"]
[WhiteFideId "45105987"]
[BlackFideId "22219064"]
[WhiteElo "2436"]
[BlackElo "2197"]
[Result "1-0"]
[Round "02"]
[TimeControl "180+2"]
[Date "2023.01.10"]
[WhiteClock "0:01:04"]
[BlackClock "0:00:09"]

1. e4 Nf6 2. e5 Nd5 3. d4 d6 4. Nf3 dxe5 5. Nxe5 c6 6. Nd2 Nd7 7. Nd3 g6 8. Nf3 Bg7 9. Be2 O-O 10. O-O a5 11. c4 Nb4 12. Nxb4 axb4 13. Bf4 c5 14. Be3 b6 15. Qd2 Qc7 16. Rfd1 Rd8 17. d5 Ba6 18. Bf4 Qb7 19. Rab1 b5 20. b3 bxc4 21. bxc4 Nb6 22. Qc2 Qa7 23. Be3 Rac8 24. Nd2 Nd7 25. Ne4 Bb7 26. h4 Qa3 27. h5 Qa7 28. Rxb4 Ra8 29. Rb3 Qxa2 30. Qxa2 Rxa2 31. Rxb7 Rxe2 32. Nxc5 Nxc5 33. Bxc5 Rc8 34. Bxe7 gxh5 35. d6 Bf8 36. d7 1-0


[Site "https://www.chess.com"]

[Event "Titled Tuesday Blitz January 10 Early 2023"]
[White "Levitan, Caleb Levi"]
[Black "Lehtosaari, Mauri"]
[WhiteFideId "14332620"]
[BlackFideId "501999"]
[WhiteElo "2129"]
[BlackElo "2176"]
[Result "1-0"]
[Round "02"]
[TimeControl "180+2"]
[Date "2023.01.10"]
[WhiteClock "0:00:22"]
[BlackClock "0:00:18"]

1. e4 c5 2. Nf3 e6 3. d4 cxd4 4. Nxd4 Nc6 5. Nc3 Qc7 6. Nxc6 bxc6 7. Bd3 d5 8. O-O Nf6 9. f4 dxe4 10. Nxe4 Be7 11. Qf3 O-O 12. b3 Nxe4 13. Qxe4 f5 14. Qe2 Bf6 15. Rb1 Qd6 16. Be3 a5 17. Qf2 Re8 18. Rbd1 Qb8 19. Bd4 Bxd4 20. Qxd4 Qa7 21. Qxa7 Rxa7 22. Bc4 a4 23. Rd6 axb3 24. axb3 Rc7 25. Kf2 Kf7 26. Rfd1 Ke7 27. b4 Bd7 28. b5 cxb5 29. Rxd7+ Rxd7 30. Rxd7+ Kxd7 31. Bxb5+ Ke7 32. Bxe8 Kxe8 33. Ke3 Kd7 34. Kd4 Kd6 35. c4 g5 36. c5+ Kc6 37. fxg5 f4 38. Ke5 Kxc5 39. Kxe6 Kd4 40. Kf5 Ke3 41. h4 f3 42. gxf3 Kxf3 43. h5 1-0


[Site "https://www.chess.com"]

[Event "Titled Tuesday Blitz January 10 Early 2023"]
[White "Bagwe Gaurang"]
[Black "Player, Edmund C"]
[WhiteFideId "45039895"]
[BlackFideId "406520"]
[WhiteElo "2067"]
[BlackElo "2204"]
[Result "1-0"]
[Round "02"]
[TimeControl "180+2"]
[Date "2023.01.10"]
[WhiteClock "0:01:20"]
[BlackClock "0:00:02"]

1. e4 e6 2. d3 d5 3. Nd2 Nf6 4. g3 dxe4 5. dxe4 e5 6. Ngf3 Nbd7 7. Bg2 c6 8. Nc4 Qc7 9. O-O b5 10. Ncd2 Bc5 11. h3 O-O 12. c3 a5 13. Qc2 a4 14. g4 Re8 15. Re1 Nf8 16. Nf1 Ng6 17. Ng3 Qb6 18. g5 Nd7 19. h4 Ndf8 20. h5 Nf4 21. Bxf4 exf4 22. Nf5 Ne6 23. b4 axb3 24. axb3 Rxa1 25. Rxa1 b4 26. Rd1 bxc3 27. Qxc3 Bxf2+ 28. Kh2 Bg3+ 29. Nxg3 fxg3+ 30. Kxg3 Qb8+ 31. Qe5 Qxb3 32. h6 Qa3 33. Rd6 Qb4 34. Rxe6 1-0


[Site "https://www.chess.com"]

[Event "Titled Tuesday Blitz January 10 Early 2023"]
[White "Berezin, Viktor"]
[Black "Martinez, Shawn"]
[WhiteFideId "14107872"]
[BlackFideId "2039770"]
[WhiteElo "2307"]
[BlackElo "1881"]
[Result "1-0"]
[Round "02"]
[TimeControl "180+2"]
[Date "2023.01.10"]
[WhiteClock "0:00:14"]
[BlackClock "0:00:17"]

1. d4 g6 2. Nf3 Bg7 3. g3 d6 4. Bg2 Nd7 5. O-O Ngf6 6. Nc3 a6 7. a4 O-O 8. a5 c5 9. d5 Rb8 10. Nd2 b5 11. axb6 Nxb6 12. h3 Bb7 13. Nb3 e6 14. dxe6 fxe6 15. Bxb7 Rxb7 16. Rxa6 Nbd5 17. Bg5 Nxc3 18. bxc3 Rd7 19. c4 h6 20. Bxf6 Bxf6 21. Qd2 Kg7 22. Rd1 Be7 23. Nxc5 Rf6 24. Nxd7 Qxd7 25. Qe3 Qc8 26. Ra7 Rf7 27. Rb1 g5 28. Rbb7 Kf8 29. Qb3 Qc5 30. Qe3 Qxc4 31. Rc7 Qd5 32. c4 Qf5 33. Kg2 h5 34. Rc8+ Kg7 35. Rcc7 Kf8 36. Rcb7 Qf6 37. Rb5 Kg7 38. Rab7 Kf8 39. Rb8+ Kg7 40. Rb3 Qg6 41. Qd3 Qf6 42. Qe3 Qg6 43. R8b7 Qf5 44. R3b5 e5 45. Ra5 g4 46. h4 Qc8 47. Raa7 Qe6 48. Qe4 Qf6 49. Qe3 Qe6 50. Rc7 Qf6 51. Rc6 Qf5 52. Raa6 Qe6 53. c5 Qd5+ 54. Kh2 dxc5 55. Qh6+ Kg8 56. Rg6+ 1-0


[Site "https://www.chess.com"]

[Event "Titled Tuesday Blitz January 10 Early 2023"]
[White "Real_taiatai"]
[Black "Khamdamova, Afruza"]
[BlackFideId "14210444"]
[WhiteElo "2318"]
[BlackElo "2162"]
[Result "0-1"]
[Round "02"]
[TimeControl "180+2"]
[Date "2023.01.10"]
[WhiteClock "0:00:23"]
[BlackClock "0:00:12"]

1. Nf3 Nf6 2. c4 e6 3. g3 d5 4. Bg2 dxc4 5. Qa4+ Nbd7 6. Qxc4 c5 7. O-O a6 8. a4 b5 9. Qc2 Bb7 10. d3 Bd6 11. Nc3 b4 12. Nd1 O-O 13. Ne3 Nb6 14. a5 Nbd5 15. Nc4 Bc7 16. e4 Ne7 17. Be3 Nd7 18. Rfd1 Rc8 19. Qb3 Nc6 20. Qa4 e5 21. Bh3 Nd4 22. Bxd4 exd4 23. Qxd7 Qf6 24. Qf5 Qh6 25. Bg2 Bb8 26. h4 Rc6 27. Qg5 Qe6 28. Kh2 h6 29. Qh5 Qe7 30. Nb6 Rf6 31. Nd5 Bxd5 32. exd5 Rd8 33. Re1 Qd6 34. Ne5 Rxf2 35. Nc4 Qxg3+ 0-1


[Site "https://www.chess.com"]

[Event "Titled Tuesday Blitz January 10 Early 2023"]
[White "Rosenberg, Evan S"]
[Black "Krienke, Makaio"]
[WhiteFideId "2019299"]
[BlackFideId "2038854"]
[WhiteElo "1956"]
[BlackElo "2115"]
[Result "0-1"]
[Round "02"]
[TimeControl "180+2"]
[Date "2023.01.10"]
[WhiteClock "0:00:35"]
[BlackClock "0:01:24"]

1. d4 Nf6 2. Nf3 e6 3. g3 b6 4. Bg2 Bb7 5. O-O Be7 6. c4 O-O 7. Nc3 Ne4 8. Nxe4 Bxe4 9. Ne1 Bxg2 10. Nxg2 d5 11. Qa4 Qd7 12. Qxd7 Nxd7 13. cxd5 exd5 14. Bf4 c5 15. Ne3 Nf6 16. Be5 Rfd8 17. Nf5 Bf8 18. Bxf6 gxf6 19. Rac1 c4 20. Rfd1 Re8 21. e3 Re6 22. b3 b5 23. a4 cxb3 24. axb5 Rb6 25. Rc6 Rxb5 26. Ra6 b2 27. Rb1 Rc8 28. Rxb2 Rxb2 29. Rxa7 h5 30. Kg2 Rcc2 31. g4 Rxf2+ 32. Kg3 Rg2+ 33. Kh3 Rxh2+ 34. Kg3 Rbg2+ 35. Kf3 Rf2+ 36. Kg3 Rhg2+ 37. Kh3 hxg4+ 38. Kh4 Rxf5 39. e4 Rf3 40. Ra3 Rxa3 41. exd5 Rh3# 0-1


[Site "https://www.chess.com"]

[Event "Titled Tuesday Blitz January 10 Early 2023"]
[White "Afanasieva, Alexandra"]
[Black "Baches Garcia, Guillermo"]
[WhiteFideId "34126926"]
[BlackFideId "2209764"]
[WhiteElo "1857"]
[BlackElo "2327"]
[Result "1/2-1/2"]
[Round "02"]
[TimeControl "180+2"]
[Date "2023.01.10"]
[WhiteClock "0:00:07"]
[BlackClock "0:00:16"]

1. e4 c5 2. Nf3 d6 3. d4 cxd4 4. Nxd4 Nf6 5. f3 e5 6. Nb3 d5 7. Bg5 d4 8. c3 Nc6 9. Bb5 h6 10. Bh4 Be6 11. cxd4 Bb4+ 12. Nc3 Bxb3 13. Qxb3 Qxd4 14. Bf2 Bxc3+ 15. bxc3 Qd6 16. Rd1 Qe7 17. O-O O-O 18. Rd3 Rfd8 19. Rfd1 Rxd3 20. Rxd3 Rd8 21. Qd1 Rc8 22. Bc4 Na5 23. Bd5 Nc4 24. Qb3 Na5 25. Qb5 b6 26. Qb4 Qxb4 27. cxb4 Rc1+ 28. Be1 Rxe1+ 29. Kf2 Rc1 30. bxa5 bxa5 31. Bb3 Rc7 32. Rd8+ Kh7 33. Rd6 Rb7 34. Ra6 Kg8 35. Rxa5 Nd7 36. Bd5 Rc7 37. Bb3 Kf8 38. Rb5 Ke7 39. Bd5 f6 40. Kg3 Nb6 41. h4 h5 42. Bb3 Kd6 43. Ra5 g5 44. Rb5 gxh4+ 45. Kxh4 Rg7 46. g4 hxg4 47. fxg4 Rc7 48. Rb4 Rc1 49. Rb5 Ke7 50. Ra5 Rc7 51. Rb5 Nc8 52. Bd5 Nd6 53. Rb8 Rc8 54. Rxc8 Nxc8 55. g5 fxg5+ 56. Kxg5 Kd6 57. Kf5 Nb6 58. Bb3 Nd7 59. a4 Nc5 60. Bc2 a5 61. Kf6 Na6 62. Kf5 Nb4 63. Bb1 Nc6 64. Bd3 Kc5 65. Bb5 Nd4+ 66. Kxe5 Nxb5 67. axb5 a4 68. b6 Kxb6 69. Kd4 a3 70. Kc3 a2 71. Kb2 Kc5 72. Kxa2 Kd4 73. Kb2 Kxe4 1/2-1/2


[Site "https://www.chess.com"]

[Event "Titled Tuesday Blitz January 10 Early 2023"]
[White "Schut, Han"]
[Black "Goldin, Alexander"]
[WhiteFideId "1005561"]
[BlackFideId "2019540"]
[WhiteElo "2101"]
[BlackElo "2542"]
[Result "0-1"]
[Round "02"]
[TimeControl "180+2"]
[Date "2023.01.10"]
[WhiteClock "0:00:13"]
[BlackClock "0:00:20"]

1. e4 c5 2. Nf3 Nc6 3. d4 cxd4 4. Nxd4 Qb6 5. Nb3 e6 6. c4 Bb4+ 7. Bd2 Nf6 8. a3 Bxd2+ 9. N1xd2 O-O 10. c5 Qc7 11. Qf3 a5 12. Qg3 Qxg3 13. hxg3 a4 14. Nc1 Rd8 15. f4 Ng4 16. Nc4 Nd4 17. Bd3 d5 18. cxd6 b5 19. Nb6 Ra6 20. Nxc8 Rxc8 21. e5 f5 22. Ne2 Nb3 23. Rd1 Ne3 24. Nc3 Nxd1 25. Kxd1 Nd4 26. Kd2 Rb6 27. Ke3 Nb3 28. Nxb5 Rc5 29. Nc7 Kf7 30. Rxh7 Na5 31. Rh8 Nc6 32. Ne8 Rxb2 33. d7 Rb3 34. Nd6+ Ke7 35. d8=Q+ Nxd8 36. Rxd8 Kxd8 37. Nb7+ Rxb7 0-1


[Site "https://www.chess.com"]

[Event "Titled Tuesday Blitz January 10 Early 2023"]
[White "Defend, Balint"]
[Black "Dilmukhametov, Artur"]
[WhiteFideId "17004853"]
[BlackFideId "24179922"]
[WhiteElo "1673"]
[BlackElo "2276"]
[Result "1-0"]
[Round "02"]
[TimeControl "180+2"]
[Date "2023.01.10"]
[WhiteClock "0:02:31"]
[BlackClock "0:02:42"]

1. e4 e6 2. d4 d5 3. Nc3 Bb4 4. e5 c5 5. a3 Bxc3+ 6. bxc3 Qa5 7. Bd2 Qa4 8. Qg4 Kf8 9. Be2 Qxc2 10. dxc5 Nc6 11. Nf3 Nge7 12. O-O Nf5 13. Rfc1 Qa4 14. Qxa4 1-0


[Site "https://www.chess.com"]